 Dungeon Crawl Stone Soup version 0.29.1-2-gbd0b4ee654 (webtiles) character file.

Game seed: 4723729845461975000

1661 gzilladon the Shield-Bearer (level 9, -13/73 HPs)
             Began as a Gnoll Fighter on Nov 9, 2022.
             Killed by an exploding killer bee (33 damage)
             ... ignited by their inner flame
             ... on level 7 of the Dungeon.
             The game lasted 00:26:11 (6603 turns).

gzilladon the Shield-Bearer (Gnoll Fighter)         Turns: 6603, Time: 00:26:13

Health: -13/73     AC: 12    Str: 20    XL:     9   Next: 0%
Magic:  14/14      EV: 11    Int:  8    God:
Gold:   317        SH: 17    Dex: 22    Spells: 15/15 levels left

rFire   . . .      SeeInvis +   N - +9 long sword "Joghyt Paumi" {pain, rCorr}
rCold   . . .      Faith    .   F - +0 tower shield
rNeg    . . .      Spirit   .   t - +6 leather armour of the Chupacabra {Contam rElec rPois Dex+5}
rPois   +          Reflect  .   (no helmet)
rElec   +          Harm     .   H - +0 cloak
rCorr   +          Rampage  .   A - +0 pair of gloves
Will    .....                   (no boots)
Stlth   +++.......              r - amulet of magic regeneration
HPRegen 0.22/turn               j - ring of see invisible
MPRegen 0.54/turn               E - +6 ring of dexterity

@: no status effects
A: fangs 1, strong nose, distributed training
a: no special abilities


You were on level 7 of the Dungeon.
You visited 1 branch of the dungeon, and saw 7 of its levels.
You also visited: Ossuary.

You collected 317 gold pieces.

Inventory:

Hand Weapons
 a - a +0 war axe
 x - a +1 whip of pain
 C - a +1 vorpal mace
 L - a +2 flail of protection
 N - the +9 long sword "Joghyt Paumi" (weapon) {pain, rCorr}
   (You found it on level 6 of the Dungeon)

   In the hands of one skilled in necromantic magic, it inflicts extra damage on
   living creatures.
   rCorr:     It protects you from acid and corrosion.
Missiles
 e - 39 stones
 p - 6 javelins
 w - 11 poisoned darts (quivered)
 B - 5 boomerangs
Armour
 b - a +0 scale mail
 c - a +0 buckler
 t - the +6 leather armour of the Chupacabra (worn) {Contam rElec rPois Dex+5}
   (You found it on level 2 of the Dungeon)

   Dex:       It affects your dexterity (+5).
   rElec:     It insulates you from electricity.
   rPois:     It protects you from poison.
   Contam:    It causes magical contamination when unequipped.
 A - a +0 pair of gloves (worn)
 F - a +0 tower shield (worn)
 H - a +0 cloak (worn)
Magical Staves
 d - a staff of air
 s - a staff of earth
 I - a staff of death
Jewellery
 j - a ring of see invisible (left hand)
 r - an amulet of magic regeneration (around neck)
 y - a ring of poison resistance
 E - a +6 ring of dexterity (right hand)
Wands
 v - a wand of paralysis (10)
 M - a wand of digging (8)
Scrolls
 f - 2 scrolls of amnesia {unknown}
 h - a scroll of blinking {unknown}
 m - 2 scrolls of noise
 n - a scroll of poison {unknown}
 o - 2 scrolls of teleportation
 q - 2 scrolls of fear {unknown}
 u - a scroll of enchant armour {unknown}
Potions
 i - 2 potions of flight {unknown}
 k - 2 potions of berserk rage
 l - a potion of curing {unknown}
 z - a potion of haste
 D - 3 potions of lignification
 G - a potion of mutation {unknown}
 J - 2 potions of degeneration {unknown}
 K - a potion of attraction {unknown}
 O - a potion of might


   Skills:
 + Level 7.7 Fighting
 + Level 3.9 Short Blades
 + Level 3.9 Long Blades
 + Level 6.1 Axes
 + Level 3.9 Maces & Flails
 + Level 3.9 Polearms
 + Level 3.9 Staves
 + Level 3.9 Ranged Weapons
 + Level 3.9 Throwing
 + Level 7.7 Armour
 + Level 3.9 Dodging
 + Level 3.9 Stealth
 + Level 7.7 Shields
 + Level 3.9 Unarmed Combat
 + Level 3.9 Spellcasting
 + Level 3.2 Conjurations
 + Level 3.2 Hexes
 + Level 3.2 Summonings
 + Level 3.2 Necromancy
 + Level 3.2 Translocations
 + Level 3.2 Transmutations
 + Level 3.2 Fire Magic
 + Level 3.2 Ice Magic
 + Level 3.2 Air Magic
 + Level 3.2 Earth Magic
 + Level 3.2 Poison Magic
 + Level 4.3 Invocations
 + Level 3.9 Evocations


You had 15 spell levels left.
You didn't know any spells.
Your spell library contained the following spells:

 Spells                   Type           Power      Damage    Failure   Level
 Foxfire                  Conj/Fire      24%        2x1d5     58%         1
 Slow                     Hex            24%        N/A       58%         1
 Confusing Touch          Hex            6%         N/A       91%         3
 Conjure Flame            Conj/Fire      6%         6-21      91%         3
 Ignite Poison            Fire/Tmut/Pois 6%         N/A       91%         3
 Inner Flame              Hex/Fire       6%         N/A       91%         3
 Mephitic Cloud           Conj/Pois/Air  6%         N/A       91%         3
 Ozocubu's Armour         Ice            6%         N/A       91%         3
 Vampiric Draining        Necr           6%         2d6       91%         3
 Corpse Rot               Necr/Pois/Air  6%         N/A       100%        4
 Dispel Undead            Necr           6%         3d8       100%        4
 Flame Wave               Conj/Fire      6%         2d5       100%        4
 Freezing Cloud           Conj/Ice/Air   3%         6-21      100%        5
 Metabolic Englaciation   Hex/Ice        3%         N/A       100%        5
 Death Channel            Necr           3%         N/A       100%        6
 Simulacrum               Ice/Necr       3%         N/A       100%        6


Dungeon Overview and Level Annotations

Branches:
Dungeon (7/15)            Ossuary (visited)
 Temple: D:4-7

Altars:
Ashenzari
Fedhas
Gozag
Trog

Annotations:
D:6 1 runed translucent door, Crazy Yiuf


Innate Abilities, Weirdness & Mutations

You have very sharp teeth.
Your uncanny sense of smell can sniff out nearby items.
Your experience applies equally to all skills.


Message History

The killer bee stings you but does no damage.
You block the killer bee's attack. The killer bee closely misses you.
You hit the killer bee.
The killer bee writhes in agony.
The killer bee is moderately wounded.
You block the killer bee's attack. x2; The killer bee barely misses you.
The killer bee closely misses you. The killer bee stings you.
The killer bee stings you but does no damage.
The killer bee closely misses you.
The killer bee stings you but does no damage.
You block the killer bee's attack. The killer bee closely misses you. x5
The killer bee misses you.
An orc skeleton comes into view.
As you read the scroll of immolation, it crumbles to dust.
The creatures around you are filled with an inner flame!
The killer bee stings you but does no damage.
The killer bee closely misses you.
The killer bee stings you but does no damage.
You block the killer bee's attack. x2; The killer bee stings you.
The killer bee stings you but does no damage.
The killer bee closely misses you. The killer bee barely misses you.
The killer bee misses you.
You slash the killer bee!
Flame seeps out of the killer bee.
The killer bee is heavily wounded.
You block the killer bee's attack.
The killer bee stings you but does no damage. x2
The killer bee is engulfed in blazing flames.
Flame seeps out of the killer bee.
You block the killer bee's attack. The killer bee stings you.
You block the killer bee's attack.
The killer bee is engulfed in blazing flames.
The killer bee explodes!
The fiery explosion engulfs the killer bee!! x2
The fiery explosion engulfs you!
The fiery explosion engulfs the killer bee!
The killer bee explodes!
The fiery explosion engulfs you!
* * * LOW HITPOINT WARNING * * *
The killer bee explodes!
The fiery explosion engulfs the orc zombie!!
The fiery explosion engulfs you!!
You die...

#. #. . .## ##
#.##.# ##...#
###########...#
####..y§§§....<.#.#
.....§§@§....####
.# ......§○###### #
.....§§.# ..#.##..#
# # Z..# ##..# ....
.... ∆


You could see a killer bee (inner flame) and an orc skeleton (inner flame).

Vanquished Creatures
  Grinder (D:5)
  Edmund (D:6)
  Duvessa (D:6)
  2 ogres
  A centaur (D:6)
  A bullfrog (D:6)
  A necrophage (D:5)
  2 scorpions
  Dowan (D:6)
  4 killer bees (D:7)
  3 hounds
  3 jellies
  4 orc priests
  2 iguanas
  3 orc wizards
  A mummy (D:5)
  3 gnolls (D:6)
  9 adders
  4 ufetubi
  A worm (D:3)
  2 dart slugs
  21 orcs
  9 ball pythons
  3 bats
  8 endoplasms
  6 giant cockroaches
  11 goblins
  8 hobgoblins
  4 jackals
  12 kobolds
  6 quokkas
  A frilled lizard (D:1)
  A hobgoblin zombie (D:7)
  An orc zombie (D:7)
  6 rats
147 creatures vanquished.

Vanquished Creatures (others)
  A fungus (D:6)
  2 withered plants (Ossuary)
3 creatures vanquished.

Grand Total: 150 creatures vanquished

Notes
Turn   | Place    | Note
-------+----------+-------------------------------------------
     0 | D:1      | gzilladon the Gnoll Fighter began the quest for the Orb.
     0 | D:1      | Reached XP level 1. HP: 23/23 MP: 1/1
    90 | D:1      | Reached XP level 2. HP: 25/29 MP: 2/2
   465 | D:1      | Reached XP level 3. HP: 35/35 MP: 3/3
   997 | D:2      | Reached skill level 1 in Invocations
  1188 | D:2      | Found a bloodstained altar of Trog.
  1416 | D:2      | Identified the +6 leather armour of the Chupacabra {Contam
                  | rElec rPois Dex+5}
  1497 | D:2      | Reached skill level 1 in Short Blades
  1497 | D:2      | Reached skill level 1 in Long Blades
  1497 | D:2      | Reached skill level 1 in Maces & Flails
  1497 | D:2      | Reached skill level 1 in Polearms
  1497 | D:2      | Reached skill level 1 in Staves
  1497 | D:2      | Reached skill level 1 in Ranged Weapons
  1497 | D:2      | Reached skill level 1 in Throwing
  1497 | D:2      | Reached skill level 1 in Dodging
  1497 | D:2      | Reached skill level 1 in Stealth
  1497 | D:2      | Reached skill level 1 in Unarmed Combat
  1497 | D:2      | Reached skill level 1 in Spellcasting
  1497 | D:2      | Reached skill level 1 in Evocations
  1582 | D:2      | Reached XP level 4. HP: 40/41 MP: 5/5
  1768 | D:3      | Reached skill level 1 in Conjurations
  1768 | D:3      | Reached skill level 1 in Hexes
  1768 | D:3      | Reached skill level 1 in Summonings
  1768 | D:3      | Reached skill level 1 in Necromancy
  1768 | D:3      | Reached skill level 1 in Translocations
  1768 | D:3      | Reached skill level 1 in Transmutations
  1768 | D:3      | Reached skill level 1 in Fire Magic
  1768 | D:3      | Reached skill level 1 in Ice Magic
  1768 | D:3      | Reached skill level 1 in Air Magic
  1768 | D:3      | Reached skill level 1 in Earth Magic
  1768 | D:3      | Reached skill level 1 in Poison Magic
  1983 | D:3      | Reached XP level 5. HP: 47/47 MP: 7/7
  1998 | D:3      | Found an opulent altar of Gozag.
  2308 | D:3      | Reached XP level 6. HP: 24/53 MP: 8/8
  2314 | D:3      | Reached skill level 5 in Axes
  2840 | D:3      | Found a faded altar of an unknown god.
  2891 | D:4      | Found a broken altar of Ashenzari.
  2898 | D:4      | Saw a vision of the Swamp and the Snake Pit.
  2898 | D:4      | Noticed a naga
  2898 | D:4      | Noticed a naga
  2898 | D:4      | Noticed an anaconda
  2898 | D:4      | Noticed a naga mage
  2898 | D:4      | Noticed a black mamba
  2898 | D:4      | Noticed a black mamba
  2898 | D:4      | Noticed a mana viper
  2898 | D:4      | Noticed a naga mage
  2898 | D:4      | Noticed a naga mage
  2898 | D:4      | Noticed a naga
  2898 | D:4      | Noticed a black mamba
  2898 | D:4      | Noticed a five-headed hydra
  2904 | D:4      | Noticed a will-o-the-wisp
  3318 | D:4      | Reached XP level 7. HP: 47/60 MP: 10/10
  3398 | D:4      | Found a blossoming altar of Fedhas.
  4129 | D:5      | Entered Level 5 of the Dungeon
  4182 | D:5      | Found a sand-covered staircase.
  4233 | Ossuary  | Entered an ossuary
  4372 | D:5      | Noticed Grinder
  4399 | D:5      | Paralysed by Grinder for 4 turns
  4406 | D:5      | Killed Grinder
  4410 | D:5      | Reached XP level 8. HP: 6/67 MP: 12/12
  5461 | D:6      | Noticed Edmund
  5484 | D:6      | Killed Edmund
  5749 | D:6      | Noticed Duvessa
  5752 | D:6      | Noticed Dowan
  5767 | D:6      | Killed Duvessa
  5783 | D:6      | Killed Dowan
  6145 | D:6      | Found a runed translucent door.
  6146 | D:6      | Noticed Crazy Yiuf
  6200 | D:6      | Identified the +9 long sword "Joghyt Paumi" {pain, rCorr}
  6423 | D:6      | Reached XP level 9. HP: 73/73 MP: 14/14
  6603 | D:7      | Killed by an exploding killer bee... ignited by their inner
                  | flame

Illustrated notes

Levels and vault maps discovered:
D:1:      dpeg_arrival_rooms_b, layout_basic
D:2:      minmay_chambers_of_twos, layout_rooms, basic_altar
D:3:      layout_rooms, nicolae_gozag_cash_rules_everything_around_me,
          hellmonk_ecumenical_altar_inner_sanctum, kennysheep_decorative_pillar,
          minmay_statues_item, lemuel_flame_loot_1
D:4:      layout_basic, grunt_ashenzari_visionary
          [grunt_ashenzari_visionary_swamp, grunt_ashenzari_visionary_snake],
          fedhas_altar_1
D:5:      layout_cave_pools, gup_ossuary_entry_pyramid, uniq_grinder
D:6:      layout_basic, kennysheep_generic_room_7, uniq_duvessa, uniq_edmund,
          uniq_crazy_yiuf_cottage
D:7:      layout_layer_cave, okawaru_humans, nicolae_tso_besieged_by_evil,
          minmay_temple_entry_junction

Skill      XL: |  1  2  3  4  5  6  7  8 |
---------------+-------------------------+-----
Invocations    | 1 2 3 4 |  4.3
Short Blades   | 1 2 3 |  3.9
Long Blades    | 1 2 3 |  3.9
Maces & Flails | 1 2 3 |  3.9
Polearms       | 1 2 3 |  3.9
Staves         | 1 2 3 |  3.9
Ranged Weapons | 1 2 3 |  3.9
Throwing       | 1 2 3 |  3.9
Dodging        | 1 2 3 |  3.9
Stealth        | 1 2 3 |  3.9
Unarmed Combat | 1 2 3 |  3.9
Spellcasting   | 1 2 3 |  3.9
Evocations     | 1 2 3 |  3.9
Conjurations   | 1 2 3 |  3.2
Hexes          | 1 2 3 |  3.2
Summonings     | 1 2 3 |  3.2
Necromancy     | 1 2 3 |  3.2
Translocations | 1 2 3 |  3.2
Transmutations | 1 2 3 |  3.2
Fire Magic     | 1 2 3 |  3.2
Ice Magic      | 1 2 3 |  3.2
Air Magic      | 1 2 3 |  3.2
Earth Magic    | 1 2 3 |  3.2
Poison Magic   | 1 2 3 |  3.2
Axes           | 5 6 |  6.1
Fighting       | 7 |  7.7
Armour         | 7 |  7.7
Shields        | 7 |  7.7

Action                   |  1- 3 |  4- 6 |  7- 9 || total
-------------------------+-------+-------+-------++-------
Melee: War axe           |   108 |   137 |   109 ||   354
       Bite              |    12 |    16 |    18 ||    46
       Flail             |       |       |    48 ||    48
       Long sword        |       |       |    16 ||    16
Throw: Dart              |       |       |     1 ||     1
  Use: Scroll            |       |       |     7 ||     7
       Potion            |       |       |     3 ||     3
 Stab: Sleeping          |       |     3 |     4 ||     7
       Distracted        |       |     1 |     1 ||     2
Armor: Scale mail        |    43 |     2 |       ||    45
       Leather armour    |       |    75 |    82 ||   157
Dodge: Dodged            |    43 |    81 |    98 ||   222
Block: Buckler           |    36 |    33 |       ||    69
       Tower shield      |       |    13 |   222 ||   235
